Toronto Maple Leafs vs Calgary Flames (R1)

Created - Tuesday, August 26, 2025 at 08:21

Goals
1 2 3 OT1 SO T
Toronto Maple Leafs 0 0 1 0 0 1
Calgary Flames 0 1 0 0 1 2
Shots
1 2 3 OT1 SO T
Toronto Maple Leafs 9 6 17 0 3 32
Calgary Flames 8 15 12 0 2 35

1st period

No Goal

Penalties :
Scott Laughton (TOR) for Roughing (Minor) at 17:16

2nd period

1. Calgary Flames , Bo Horvat 12 (Sebastian Aho 11, Kris Letang 7) at 12:45 (PP)

Penalties :
Quinton Byfield (TOR) for Tripping (Minor) at 7:15, Brady Tkachuk (TOR) for High sticking (Minor) at 7:38, Sam Bennett (TOR) for Slashing (Minor) at 10:46, Bowen Byram (TOR) for Holding (Minor) at 14:34

3rd period

2. Toronto Maple Leafs , Warren Foegele 6 (Sam Bennett 11, Troy Terry 10) at 1:35

Penalties :
Bo Horvat (CGY) for Holding (Minor) at 3:13, Jeremy Lauzon (CGY) for Tripping (Minor) at 9:24, Quinton Byfield (TOR) for Hooking (Minor) at 13:27

Overtime #1

No Goal

Penalties :
No Penalty

Shootout

Toronto Maple Leafs, Wyatt Johnston - Shot Misses the Net
Calgary Flames, Bo Horvat - Shot Misses the Net
Toronto Maple Leafs, Brady Tkachuk - Stopped by Anton Forsberg
Calgary Flames, Sebastian Aho - Goal!
Toronto Maple Leafs, Quinton Byfield - Shot Misses the Net

Penalties :
No Penalty

Goalie Stats

Frederik Andersen (TOR), 34 saves from 35 shots - (0.971), OTL, 8-3-2, 65:00 minutes
Anton Forsberg (CGY), 31 saves from 32 shots - (0.969), W, 5-3-0, 65:00 minutes

Players Stats for Toronto Maple Leafs

Player Name              G  A  P  +/- PIM S  H  SB GA TA FO     MP     PP MP  PK MP  
------------------------------------------------------------------------------------
Aaron Ekblad             0  0  0   0  0   0  3  1  1  3  0/0    28:21   2:06   5:17 
Andrew Mangiapane        0  0  0   0  0   1  2  1  0  0  0/0     9:22   0:00   0:00 
Bowen Byram              0  0  0   1  2   0  1  2  0  1  0/0    14:07   0:00   0:00 
Brady Tkachuk            0  0  0   0  2   3  2  1  3  1  0/0    20:43   1:50   4:25 
Brandon Saad             0  0  0   0  0   4  0  0  1  0  1/3    14:25   0:00   2:25 
Cody Ceci                0  0  0   0  0   1  2  2  0  1  0/0    28:19   2:06   5:17 
Mackie Samoskevich       0  0  0   0  0   1  0  0  1  0  0/1     9:22   0:00   0:00 
Mario Ferraro            0  0  0   0  0   2  1  0  0  0  0/0    22:33   1:52   5:01 
Nick Bjugstad            0  0  0   0  0   0  0  0  0  0  1/1     9:40   0:00   0:18 
Nicolas Roy              0  0  0   0  0   2  1  0  0  0  0/0    12:14   0:00   0:00 
Quinton Byfield          0  0  0   0  4   1  3  0  0  0  3/5    19:15   1:50   2:57 
Ryan Pulock              0  0  0   0  0   3  1  2  0  0  0/0    22:33   1:52   5:01 
Sam Bennett              0  1  1   1  2   1  2  0  0  0  7/14   19:23   2:08   3:17 
Sam Malinski             0  0  0   1  0   2  1  0  0  1  0/0    14:06   0:00   0:00 
Scott Laughton           0  0  0   0  2   4  1  0  1  0  7/11   12:48   0:00   0:00 
Troy Terry               0  1  1   1  0   2  1  0  0  0  0/1    14:39   2:08   0:12 
Warren Foegele           1  0  1   1  0   3  1  0  0  0  1/1    14:27   2:08   0:00 
Wyatt Johnston           0  0  0   0  0   2  0  1  0  1  12/25  21:43   1:50   5:25 

Players Stats for Calgary Flames

Player Name              G  A  P  +/- PIM S  H  SB GA TA FO     MP     PP MP  PK MP  
------------------------------------------------------------------------------------
Alec Martinez            0  0  0  -1  0   1  0  3  0  1  0/0    16:55   0:00   1:44 
Ben Meyers               0  0  0  -1  0   0  0  1  0  0  0/0    10:22   0:00   0:30 
Bo Horvat                1  0  1   0  2   4  2  1  1  2  10/21  20:54   5:48   1:09 
Cale Makar               0  0  0   0  0   2  0  1  1  0  0/0    26:53   5:56   2:14 
Chris Kreider            0  0  0   0  0   6  2  0  2  1  0/1    16:15   4:30   0:00 
Drew Doughty             0  0  0   0  0   1  0  0  0  0  0/0    23:14   4:22   1:44 
Filip Hronek             0  0  0   0  0   1  1  2  0  0  0/0    13:39   0:00   0:00 
J.T. Miller              0  0  0   0  0   2  0  0  0  0  13/23  19:47   4:30   1:41 
Jeremy Lauzon            0  0  0  -1  2   1  0  4  0  0  0/0    22:26   4:22   0:00 
Joel Eriksson Ek         0  0  0   0  0   3  3  1  0  0  4/7    16:48   0:00   1:41 
Kris Letang              0  1  1   0  0   2  3  2  1  1  0/0    26:53   5:56   2:14 
Mathieu Joseph           0  0  0   0  0   2  0  1  0  2  0/1    16:07   4:22   0:00 
Matthew Tkachuk          0  0  0   0  0   0  0  0  1  0  0/1    14:11   0:00   0:47 
Nic Dowd                 0  0  0  -1  0   0  0  2  0  0  3/5    10:02   0:11   0:00 
Nick Paul                0  0  0  -1  0   2  0  0  0  0  0/0     8:52   0:00   0:00 
Pavel Zacha              0  0  0   0  0   0  0  0  0  0  0/1    13:15   0:00   0:00 
Sebastian Aho            0  1  1   0  0   2  1  1  0  0  0/1    21:54   5:48   2:08 
Zach Hyman               0  0  0   0  0   6  1  2  2  0  0/1    17:33   5:45   0:00 

3 Stars

1 - Frederik Andersen (TOR)
2 - Anton Forsberg (CGY)
3 - Warren Foegele (TOR)

Power Play

Toronto Maple Leafs - 0 on 2 Attempt(s) - 0.00%
Calgary Flames - 1 on 6 Attempt(s) - 16.67%

Penalty Kill

Toronto Maple Leafs - 5 on 6 Attempt(s) - 83.33% - Score 0 goal in Penalty Kill
Calgary Flames - 2 on 2 Attempt(s) - 100.00% - Score 0 goal in Penalty Kill

Team Stat

Toronto Maple Leafs - Hits : 22 - Faceoff Wins : 32 - Blocked Shots : 10 - Penalty Minutes : 12
Calgary Flames - Hits : 13 - Faceoff Wins : 30 - Blocked Shots : 21 - Penalty Minutes : 4

Official

Referees : Corey Syvret and Chris Lee
Linesman : Libor Suchanek and Justin Johnson

Game Notes

No Game Note

Finance

Level 1 -- Attendance: 4289 (71.48%) -- Ticket Income $428,900
Level 2 -- Attendance: 3920 (78.40%) -- Ticket Income $235,200
Level 3 -- Attendance: 2354 (78.47%) -- Ticket Income $82,390
Level 4 -- Attendance: 3747 (74.94%) -- Ticket Income $93,675
Luxury Box -- Attendance: 850 (85.00%) -- Ticket Income $170,000
Game was played at the Scotiabank Saddledome.
Total Attendance: 15160 (75.80%)
Total Ticket Income: $1,010,165
Other Income: $353,558
Total Income: $1,363,723

Toronto Maple Leafs

5 vs 5 Forward 
   Center                   Left Wing                Right Wing               Time % Phy DF OF 
 1 Wyatt Johnston           Brady Tkachuk            Quinton Byfield          30     1   2  2  
 2 Sam Bennett              Troy Terry               Warren Foegele           30     1   2  2  
 3 Scott Laughton           Brandon Saad             Nicolas Roy              25     1   2  2  
 4 Nick Bjugstad            Andrew Mangiapane        Mackie Samoskevich       15     1   2  2  

5 vs 5 Defense 
   Defense                  Defense                                           Time % Phy DF OF 
 1 Aaron Ekblad             Cody Ceci                                         30     1   2  2  
 2 Ryan Pulock              Mario Ferraro                                     30     1   2  2  
 3 Bowen Byram              Sam Malinski                                      25     1   2  2  
 4 Aaron Ekblad             Cody Ceci                                         15     1   2  2  

PowerPlay Forward 
   Center                   Left Wing                Right Wing               Time % Phy DF OF 
 1 Wyatt Johnston           Brady Tkachuk            Quinton Byfield          50     1   2  2  
 2 Sam Bennett              Troy Terry               Warren Foegele           50     1   2  2  

PowerPlay Defense
   Defense                  Defense                                           Time % Phy DF OF 
 1 Aaron Ekblad             Cody Ceci                                         50     1   2  2  
 2 Ryan Pulock              Mario Ferraro                                     50     1   2  2  

Penalty Kill 4 Players Forward 
   Center                   Wing                     Time % Phy DF OF 
 1 Wyatt Johnston           Brady Tkachuk            50     1   2  2  
 2 Quinton Byfield          Sam Bennett              50     1   2  2  

Penalty Kill 4 Players Defense
   Defense                  Defense                  Time % Phy DF OF 
 1 Aaron Ekblad             Cody Ceci                50     1   2  2  
 2 Ryan Pulock              Mario Ferraro            50     1   2  2  

Penalty Kill - 3 Players Forward 
   Forward                                           Time % Phy DF OF 
 1 Wyatt Johnston                                    50     1   2  2  
 2 Brady Tkachuk                                     50     1   2  2  

Penalty Kill - 3 Players Defense
   Defense                  Defense                  Time % Phy DF OF 
 1 Aaron Ekblad             Cody Ceci                50     1   2  2  
 2 Ryan Pulock              Mario Ferraro            50     1   2  2  

4 vs 4 Forward 
   Center                   Wing                     Time % Phy DF OF 
 1 Wyatt Johnston           Brady Tkachuk            50     1   2  2  
 2 Quinton Byfield          Sam Bennett              50     1   2  2  

4 vs 4 Defense
   Defense                  Defense                  Time % Phy DF OF 
 1 Aaron Ekblad             Cody Ceci                50     1   2  2  
 2 Ryan Pulock              Mario Ferraro            50     1   2  2  

Last Minutes Offensive
   Center                   Left Wing                Right Wing               Defense                  Defense                  
   Wyatt Johnston           Brady Tkachuk            Quinton Byfield          Aaron Ekblad             Cody Ceci                

Last Minutes Defensive
   Center                   Left Wing                Right Wing               Defense                  Defense                  
   Wyatt Johnston           Brady Tkachuk            Quinton Byfield          Aaron Ekblad             Cody Ceci                

Goaltenders
Starting : Frederik Andersen        
Backup : Joonas Korpisalo         

Extra Forwards
Normal : Scott Laughton, Nicolas Roy, Brandon Saad - PP : Scott Laughton, Nicolas Roy - PK : Brandon Saad
Extra Defensemen
Normal : Bowen Byram, Sam Malinski, Ryan Pulock - PP : Bowen Byram - PK : Sam Malinski, Ryan Pulock
Penalty Shots
Wyatt Johnston, Brady Tkachuk, Quinton Byfield, Sam Bennett, Troy Terry

Scratches
P.O. Joseph (Healthy), Lucas Carlsson (Healthy), Connor Dewar (Healthy), Garin Bjorklund (Healthy)

Calgary Flames

5 vs 5 Forward 
   Center                   Left Wing                Right Wing               Time % Phy DF OF 
 1 Bo Horvat                Sebastian Aho            Zach Hyman               30     1   2  2  
 2 J.T. Miller              Chris Kreider            Mathieu Joseph           30     1   2  2  
 3 Joel Eriksson Ek         Matthew Tkachuk          Pavel Zacha              25     1   2  2  
 4 Nic Dowd                 Nick Paul                Ben Meyers               15     1   2  2  

5 vs 5 Defense 
   Defense                  Defense                                           Time % Phy DF OF 
 1 Cale Makar               Kris Letang                                       35     1   2  2  
 2 Filip Hronek             Drew Doughty                                      35     1   2  2  
 3 Jeremy Lauzon            Alec Martinez                                     30     1   2  2  
 4 Cale Makar               Kris Letang                                       0      1   2  2  

PowerPlay Forward 
   Center                   Left Wing                Right Wing               Time % Phy DF OF 
 1 Bo Horvat                Sebastian Aho            Zach Hyman               50     1   2  2  
 2 J.T. Miller              Chris Kreider            Mathieu Joseph           50     1   2  2  

PowerPlay Defense
   Defense                  Defense                                           Time % Phy DF OF 
 1 Cale Makar               Kris Letang                                       50     1   2  2  
 2 Jeremy Lauzon            Drew Doughty                                      50     1   2  2  

Penalty Kill 4 Players Forward 
   Center                   Wing                     Time % Phy DF OF 
 1 Bo Horvat                Sebastian Aho            50     1   2  2  
 2 J.T. Miller              Joel Eriksson Ek         50     1   2  2  

Penalty Kill 4 Players Defense
   Defense                  Defense                  Time % Phy DF OF 
 1 Cale Makar               Kris Letang              50     1   2  2  
 2 Alec Martinez            Drew Doughty             50     1   2  2  

Penalty Kill - 3 Players Forward 
   Forward                                           Time % Phy DF OF 
 1 Bo Horvat                                         50     1   2  2  
 2 Sebastian Aho                                     50     1   2  2  

Penalty Kill - 3 Players Defense
   Defense                  Defense                  Time % Phy DF OF 
 1 Cale Makar               Kris Letang              50     1   2  2  
 2 Alec Martinez            Drew Doughty             50     1   2  2  

4 vs 4 Forward 
   Center                   Wing                     Time % Phy DF OF 
 1 Bo Horvat                Sebastian Aho            50     1   2  2  
 2 J.T. Miller              Joel Eriksson Ek         50     1   2  2  

4 vs 4 Defense
   Defense                  Defense                  Time % Phy DF OF 
 1 Cale Makar               Kris Letang              50     1   2  2  
 2 Jeremy Lauzon            Drew Doughty             50     1   2  2  

Last Minutes Offensive
   Center                   Left Wing                Right Wing               Defense                  Defense                  
   Bo Horvat                Sebastian Aho            Zach Hyman               Cale Makar               Kris Letang              

Last Minutes Defensive
   Center                   Left Wing                Right Wing               Defense                  Defense                  
   Bo Horvat                Sebastian Aho            Zach Hyman               Cale Makar               Kris Letang              

Goaltenders
Starting : Anton Forsberg           
Backup : Ilya Sorokin             

Extra Forwards
Normal : Nic Dowd, Ben Meyers, Matthew Tkachuk - PP : Nic Dowd, Ben Meyers - PK : Matthew Tkachuk
Extra Defensemen
Normal : Jeremy Lauzon, Alec Martinez, Kris Letang - PP : Jeremy Lauzon - PK : Alec Martinez, Cale Makar
Penalty Shots
Bo Horvat, Sebastian Aho, J.T. Miller, Joel Eriksson Ek, Zach Hyman

Scratches
Angus Crookshank (Healthy)

% Time on Ice - Toronto Maple Leafs

Lines # - Real PCT - Wanted PCT - Time Play
Normal Forward
1 - 27% - 30% - 12:27
2 - 27% - 30% - 12:26
3 - 25% - 25% - 11:29
4 - 20% - 15% - 9:22
Normal Defense
1 - 28% - 30% - 12:49
2 - 29% - 30% - 13:17
3 - 30% - 25% - 13:53
4 - 13% - 15% - 5:45
PP Forward
1 - 46% - 50% - 1:50
2 - 54% - 50% - 2:08
PP Defense
1 - 53% - 50% - 2:06
2 - 47% - 50% - 1:52
PK Forward
1 - 49% - 50% - 4:17
2 - 51% - 50% - 4:25
PK Defense
1 - 50% - 50% - 4:21
2 - 50% - 50% - 4:21
PK3 Forward
1 - 27% - 50% - 0:26
2 - 73% - 50% - 1:10
PK3 Defense
1 - 58% - 50% - 0:56
2 - 42% - 50% - 0:40
44 Forward
1 - 52% - 50% - 2:37
2 - 48% - 50% - 2:23
44 Defense
1 - 52% - 50% - 2:37
2 - 48% - 50% - 2:23
Last Minute Offensive  - 0:00
Last Minute Defensive  - 0:00
Total
Forward - 65:00
Defense - 65:00

% Time on Ice - Calgary Flames

Lines # - Real PCT - Wanted PCT - Time Play
Normal Forward
1 - 26% - 30% - 11:52
2 - 26% - 30% - 11:45
3 - 29% - 25% - 13:15
4 - 19% - 15% - 8:52
Normal Defense
1 - 34% - 35% - 15:35
2 - 33% - 35% - 15:18
3 - 31% - 30% - 14:10
4 - 1% - 0% - 0:41
PP Forward
1 - 56% - 50% - 5:48
2 - 44% - 50% - 4:30
PP Defense
1 - 58% - 50% - 5:56
2 - 42% - 50% - 4:22
PK Forward
1 - 58% - 50% - 2:17
2 - 42% - 50% - 1:41
PK Defense
1 - 56% - 50% - 2:14
2 - 44% - 50% - 1:44
PK3 Forward
1 - 0% - 50%
2 - 0% - 50%
PK3 Defense
1 - 0% - 50%
2 - 0% - 50%
44 Forward
1 - 48% - 50% - 2:23
2 - 52% - 50% - 2:37
44 Defense
1 - 49% - 50% - 2:27
2 - 51% - 50% - 2:33
Last Minute Offensive  - 0:00
Last Minute Defensive  - 0:00
Total
Forward - 65:00
Defense - 65:00

Play-by-Play

1st period


0:01 of 1st period - Bo Horvat wins face-off versus Wyatt Johnston in neutral zone.
0:26 of 1st period - J.T. Miller is hit by Sam Bennett.
1:58 of 1st period - Slapshot by Zach Hyman.
1:58 of 1st period - Stopped by Frederik Andersen with a rebound.
2:00 of 1st period - Slapshot by Drew Doughty.
2:00 of 1st period - Stopped by Frederik Andersen without a rebound.
2:01 of 1st period - Scott Laughton wins face-off versus J.T. Miller in Toronto Maple Leafs zone.
2:12 of 1st period - Snap shot by J.T. Miller.
2:12 of 1st period - Shot Misses the Net.
2:14 of 1st period - Wrist shot by J.T. Miller.
2:14 of 1st period - Deflect By Chris Kreider.
2:14 of 1st period - Stopped by Frederik Andersen with a rebound.
2:16 of 1st period - Wrist shot by J.T. Miller.
2:16 of 1st period - Stopped by Frederik Andersen with a rebound.
2:55 of 1st period - Wrist shot by Brady Tkachuk.
2:55 of 1st period - Shot Blocked by Kris Letang.
2:57 of 1st period - Slapshot by Sam Malinski.
2:57 of 1st period - Stopped by Anton Forsberg with a rebound.
2:59 of 1st period - Snap shot by Sam Malinski.
2:59 of 1st period - Shot Blocked by Kris Letang.
3:01 of 1st period - Slapshot by Bowen Byram.
3:01 of 1st period - Deflect By Brady Tkachuk.
3:01 of 1st period - Shot Misses the Net.
3:01 of 1st period - Puck is out of play.
3:02 of 1st period - Scott Laughton wins face-off versus J.T. Miller in Calgary Flames zone.
3:59 of 1st period - Slapshot by Cale Makar.
3:59 of 1st period - Deflect By Ben Meyers.
3:59 of 1st period - Shot Misses the Net.
3:59 of 1st period - Puck is out of play.
4:00 of 1st period - Sam Bennett wins face-off versus J.T. Miller in Toronto Maple Leafs zone.
4:32 of 1st period - Jeremy Lauzon is hit by Sam Malinski and loses puck.
4:53 of 1st period - Matthew Tkachuk is hit by Scott Laughton.
4:57 of 1st period - Scott Laughton is hit by Joel Eriksson Ek and loses puck.
5:51 of 1st period - Off-side.
5:52 of 1st period - Quinton Byfield wins face-off versus J.T. Miller in neutral zone.
6:31 of 1st period - Snap shot by Brady Tkachuk.
6:31 of 1st period - Deflect By Wyatt Johnston.
6:31 of 1st period - Shot Misses the Net.
6:31 of 1st period - Puck is out of play.
6:32 of 1st period - Bo Horvat wins face-off versus Scott Laughton in Calgary Flames zone.
6:32 of 1st period - Bo Horvat is hit by Aaron Ekblad.
7:07 of 1st period - Wrist shot by J.T. Miller.
7:07 of 1st period - Shot Misses the Net.
7:09 of 1st period - Backhand shot by Mathieu Joseph.
7:09 of 1st period - Shot Misses the Net.
7:11 of 1st period - Slapshot by Jeremy Lauzon.
7:11 of 1st period - Shot Blocked by Bowen Byram.
7:22 of 1st period - Icing by Sam Malinski.
7:23 of 1st period - Nic Dowd wins face-off versus Sam Bennett in Toronto Maple Leafs zone.
8:04 of 1st period - Icing by Nic Dowd.
8:05 of 1st period - Scott Laughton wins face-off versus Nic Dowd in Calgary Flames zone.
8:06 of 1st period - Wrist shot by Nicolas Roy.
8:06 of 1st period - Stopped by Anton Forsberg with a rebound.
8:08 of 1st period - Wrist shot by Brandon Saad.
8:08 of 1st period - Stopped by Anton Forsberg with a rebound.
9:54 of 1st period - Wrist shot by Brandon Saad.
9:54 of 1st period - Stopped by Anton Forsberg with a rebound.
10:06 of 1st period - Sebastian Aho is hit by Aaron Ekblad and loses puck.
11:06 of 1st period - Wrist shot by Brandon Saad.
11:06 of 1st period - Deflect By Nicolas Roy.
11:06 of 1st period - Shot Blocked by Nic Dowd.
11:06 of 1st period - Puck is out of play.
11:07 of 1st period - Scott Laughton wins face-off versus J.T. Miller in Calgary Flames zone.
11:08 of 1st period - Backhand shot by Brandon Saad.
11:08 of 1st period - Shot Misses the Net.
11:10 of 1st period - Snap shot by Scott Laughton.
11:10 of 1st period - Stopped by Anton Forsberg without a rebound.
11:11 of 1st period - J.T. Miller wins face-off versus Scott Laughton in Calgary Flames zone.
11:38 of 1st period - Sebastian Aho is hit by Cody Ceci and loses puck.
11:59 of 1st period - Sam Bennett is hit by Joel Eriksson Ek and loses puck.
12:46 of 1st period - Snap shot by Scott Laughton.
12:46 of 1st period - Shot Misses the Net.
12:48 of 1st period - Snap shot by Brandon Saad.
12:48 of 1st period - Stopped by Anton Forsberg with a rebound.
12:50 of 1st period - Wrist shot by Nicolas Roy.
12:50 of 1st period - Stopped by Anton Forsberg with a rebound.
12:52 of 1st period - Slapshot by Cody Ceci.
12:52 of 1st period - Shot Misses the Net.
14:18 of 1st period - Snap shot by Andrew Mangiapane.
14:18 of 1st period - Shot Blocked by Mathieu Joseph.
14:42 of 1st period - Wrist shot by Sebastian Aho.
14:42 of 1st period - Shot Misses the Net.
14:44 of 1st period - Slapshot by Kris Letang.
14:44 of 1st period - Shot Misses the Net.
14:54 of 1st period - Snap shot by Troy Terry.
14:54 of 1st period - Shot Misses the Net.
15:00 of 1st period - Snap shot by Joel Eriksson Ek.
15:00 of 1st period - Stopped by Frederik Andersen with a rebound.
15:02 of 1st period - Backhand shot by Filip Hronek.
15:02 of 1st period - Stopped by Frederik Andersen without a rebound.
15:03 of 1st period - J.T. Miller wins face-off versus Troy Terry in Toronto Maple Leafs zone.
15:04 of 1st period - Wrist shot by Chris Kreider.
15:04 of 1st period - Deflect By J.T. Miller.
15:04 of 1st period - Shot Misses the Net.
15:04 of 1st period - Puck is out of play.
15:05 of 1st period - J.T. Miller wins face-off versus Sam Bennett in Toronto Maple Leafs zone.
15:06 of 1st period - Wrist shot by Chris Kreider.
15:06 of 1st period - Stopped by Frederik Andersen with a rebound.
16:01 of 1st period - Snap shot by Matthew Tkachuk.
16:01 of 1st period - Deflect By Joel Eriksson Ek.
16:01 of 1st period - Shot Misses the Net.
16:01 of 1st period - Puck is out of play.
16:02 of 1st period - Sam Bennett wins face-off versus Chris Kreider in Toronto Maple Leafs zone.
16:07 of 1st period - Kris Letang is hit by Sam Bennett and loses puck.
16:28 of 1st period - Ryan Pulock is hit by Bo Horvat.
16:52 of 1st period - Snap shot by Scott Laughton.
16:52 of 1st period - Stopped by Anton Forsberg without a rebound.
16:53 of 1st period - Scott Laughton wins face-off versus Joel Eriksson Ek in Calgary Flames zone.
17:08 of 1st period - Snap shot by Joel Eriksson Ek.
17:08 of 1st period - Stopped by Frederik Andersen with a rebound.
17:10 of 1st period - Snap shot by Pavel Zacha.
17:10 of 1st period - Shot Misses the Net.
17:16 of 1st period - Minor Penalty to Scott Laughton for Roughing.
17:17 of 1st period - Wyatt Johnston wins face-off versus Bo Horvat in Toronto Maple Leafs zone.
17:34 of 1st period - Wrist shot by Bo Horvat.
17:34 of 1st period - Shot Misses the Net.
19:16 of 1st period - Penalty to Scott Laughton is over, Scott Laughton is back on ice.
19:38 of 1st period - Wrist shot by Mackie Samoskevich.
19:38 of 1st period - Stopped by Anton Forsberg with a rebound.
19:57 of 1st period - Snap shot by Brandon Saad.
19:57 of 1st period - Deflect By Scott Laughton.
19:57 of 1st period - Shot Hit the Post.
19:57 of 1st period - Puck is out of play.
19:58 of 1st period - Nick Bjugstad wins face-off versus Joel Eriksson Ek in Calgary Flames zone.
Goals for this period are 0 for Toronto Maple Leafs vs 0 for Calgary Flames.
Shots for this period are 9 for Toronto Maple Leafs vs 8 for Calgary Flames.

2nd period


0:01 of 2nd period - J.T. Miller wins face-off versus Wyatt Johnston in neutral zone.
0:14 of 2nd period - Snap shot by Chris Kreider.
0:14 of 2nd period - Stopped by Frederik Andersen with a rebound.
0:16 of 2nd period - Slapshot by Mathieu Joseph.
0:16 of 2nd period - Stopped by Frederik Andersen without a rebound.
0:17 of 2nd period - Bo Horvat wins face-off versus Sam Bennett in Toronto Maple Leafs zone.
0:42 of 2nd period - Aaron Ekblad is hit by Chris Kreider and loses puck.
1:27 of 2nd period - Snap shot by Nick Paul.
1:27 of 2nd period - Stopped by Frederik Andersen without a rebound.
1:28 of 2nd period - Nic Dowd wins face-off versus Sam Bennett in Toronto Maple Leafs zone.
1:41 of 2nd period - Snap shot by Nick Paul.
1:41 of 2nd period - Stopped by Frederik Andersen without a rebound.
1:42 of 2nd period - Bo Horvat wins face-off versus Wyatt Johnston in Toronto Maple Leafs zone.
1:48 of 2nd period - Slapshot by Zach Hyman.
1:48 of 2nd period - Shot Blocked by Wyatt Johnston.
2:34 of 2nd period - Icing by Brandon Saad.
2:35 of 2nd period - Scott Laughton wins face-off versus Bo Horvat in Toronto Maple Leafs zone.
2:40 of 2nd period - Wrist shot by Brandon Saad.
2:40 of 2nd period - Shot Blocked by Zach Hyman.
2:54 of 2nd period - Wrist shot by Brandon Saad.
2:54 of 2nd period - Shot Misses the Net.
3:30 of 2nd period - Pavel Zacha is hit by Brady Tkachuk and loses puck.
4:00 of 2nd period - Nick Bjugstad is hit by Kris Letang and loses puck.
4:37 of 2nd period - Mathieu Joseph is hit by Brady Tkachuk and loses puck.
4:56 of 2nd period - Drew Doughty is hit by Cody Ceci.
5:12 of 2nd period - Joel Eriksson Ek is hit by Nicolas Roy and loses puck.
5:27 of 2nd period - Slapshot by Bo Horvat.
5:27 of 2nd period - Shot Misses the Net.
5:29 of 2nd period - Slapshot by Filip Hronek.
5:29 of 2nd period - Shot Blocked by Andrew Mangiapane.
5:31 of 2nd period - Snap shot by Sebastian Aho.
5:31 of 2nd period - Deflect By Zach Hyman.
5:31 of 2nd period - Shot Blocked by Cody Ceci.
5:31 of 2nd period - Puck is out of play.
5:32 of 2nd period - Sam Bennett wins face-off versus J.T. Miller in Toronto Maple Leafs zone.
5:41 of 2nd period - Snap shot by Troy Terry.
5:41 of 2nd period - Deflect By Sam Bennett.
5:41 of 2nd period - Shot Blocked by Jeremy Lauzon.
5:41 of 2nd period - Puck is out of play.
5:42 of 2nd period - J.T. Miller wins face-off versus Sam Bennett in Calgary Flames zone.
5:54 of 2nd period - Wrist shot by Warren Foegele.
5:54 of 2nd period - Stopped by Anton Forsberg without a rebound.
5:55 of 2nd period - Bo Horvat wins face-off versus Wyatt Johnston in Calgary Flames zone.
6:11 of 2nd period - Quinton Byfield is hit by Sebastian Aho and loses puck.
6:33 of 2nd period - Wrist shot by Wyatt Johnston.
6:33 of 2nd period - Stopped by Anton Forsberg without a rebound.
6:34 of 2nd period - J.T. Miller wins face-off versus Sam Bennett in Calgary Flames zone.
6:45 of 2nd period - Wrist shot by Troy Terry.
6:45 of 2nd period - Shot Misses the Net.
7:01 of 2nd period - Ryan Pulock is hit by Bo Horvat and loses puck.
7:08 of 2nd period - Wrist shot by Zach Hyman.
7:08 of 2nd period - Stopped by Frederik Andersen without a rebound.
7:09 of 2nd period - Bo Horvat wins face-off versus Wyatt Johnston in Toronto Maple Leafs zone.
7:15 of 2nd period - Minor Penalty to Quinton Byfield for Tripping.
7:16 of 2nd period - Brandon Saad wins face-off versus Mathieu Joseph in Toronto Maple Leafs zone.
7:38 of 2nd period - Minor Penalty to Brady Tkachuk for High sticking.
7:39 of 2nd period - Wyatt Johnston wins face-off versus Bo Horvat in Toronto Maple Leafs zone.
8:06 of 2nd period - Cody Ceci is hit by Chris Kreider and loses puck.
9:15 of 2nd period - Penalty to Quinton Byfield is over, Quinton Byfield is back on ice.
9:23 of 2nd period - Chris Kreider is hit by Quinton Byfield and loses puck.
9:38 of 2nd period - Penalty to Brady Tkachuk is over, Brady Tkachuk is back on ice.
9:49 of 2nd period - Wrist shot by Brandon Saad.
9:49 of 2nd period - Shot Blocked by Cale Makar.
9:51 of 2nd period - Snap shot by Brandon Saad.
9:51 of 2nd period - Deflect By Cale Makar.
9:51 of 2nd period - Shot Misses the Net.
9:51 of 2nd period - Puck is out of play.
9:52 of 2nd period - Joel Eriksson Ek wins face-off versus Sam Bennett in Calgary Flames zone.
9:52 of 2nd period - Joel Eriksson Ek is hit by Bowen Byram.
10:02 of 2nd period - Wrist shot by Troy Terry.
10:02 of 2nd period - Stopped by Anton Forsberg without a rebound.
10:03 of 2nd period - Wyatt Johnston wins face-off versus Sebastian Aho in Calgary Flames zone.
10:04 of 2nd period - Snap shot by Brady Tkachuk.
10:04 of 2nd period - Stopped by Anton Forsberg with a rebound.
10:46 of 2nd period - Minor Penalty to Sam Bennett for Slashing.
10:47 of 2nd period - Bo Horvat wins face-off versus Quinton Byfield in Toronto Maple Leafs zone.
10:49 of 2nd period - Snap shot by Bo Horvat.
10:49 of 2nd period - Stopped by Frederik Andersen with a rebound.
11:01 of 2nd period - Wyatt Johnston is hit by Kris Letang and loses puck.
11:11 of 2nd period - Icing by Sebastian Aho.
11:12 of 2nd period - Bo Horvat wins face-off versus Quinton Byfield in Calgary Flames zone.
11:57 of 2nd period - Wrist shot by Bo Horvat.
11:57 of 2nd period - Shot Misses the Net.
11:59 of 2nd period - Slapshot by Zach Hyman.
11:59 of 2nd period - Stopped by Frederik Andersen with a rebound.
12:09 of 2nd period - Snap shot by Zach Hyman.
12:09 of 2nd period - Stopped by Frederik Andersen with a rebound.
12:11 of 2nd period - Snap shot by Kris Letang.
12:11 of 2nd period - Shot Blocked by Ryan Pulock.
12:13 of 2nd period - Slapshot by Kris Letang.
12:13 of 2nd period - Deflect By Zach Hyman.
12:13 of 2nd period - Stopped by Frederik Andersen with a rebound.
12:23 of 2nd period - Slapshot by Cale Makar.
12:23 of 2nd period - Stopped by Frederik Andersen with a rebound.
12:25 of 2nd period - Wrist shot by Bo Horvat.
12:25 of 2nd period - Stopped by Frederik Andersen with a rebound.
12:45 of 2nd period - Wrist shot by Bo Horvat.
12:45 of 2nd period - Goal by Bo Horvat - Toronto Maple Leafs : 0 - Calgary Flames : 1.
12:46 of 2nd period - Sam Bennett wins face-off versus J.T. Miller in neutral zone.
13:11 of 2nd period - Nicolas Roy is hit by Joel Eriksson Ek and loses puck.
13:18 of 2nd period - Wrist shot by Joel Eriksson Ek.
13:18 of 2nd period - Shot Blocked by Cody Ceci.
13:20 of 2nd period - Slapshot by Alec Martinez.
13:20 of 2nd period - Stopped by Frederik Andersen with a rebound.
13:34 of 2nd period - Wrist shot by Nic Dowd.
13:34 of 2nd period - Shot Blocked by Aaron Ekblad.
13:40 of 2nd period - Slapshot by Aaron Ekblad.
13:40 of 2nd period - Shot Blocked by Alec Martinez.
13:42 of 2nd period - Wrist shot by Brandon Saad.
13:42 of 2nd period - Stopped by Anton Forsberg without a rebound.
13:43 of 2nd period - J.T. Miller wins face-off versus Wyatt Johnston in Calgary Flames zone.
13:52 of 2nd period - Slapshot by J.T. Miller.
13:52 of 2nd period - Shot Misses the Net.
14:34 of 2nd period - Minor Penalty to Bowen Byram for Holding.
14:35 of 2nd period - Quinton Byfield wins face-off versus J.T. Miller in Toronto Maple Leafs zone.
16:27 of 2nd period - Sebastian Aho is hit by Ryan Pulock.
16:34 of 2nd period - Penalty to Bowen Byram is over, Bowen Byram is back on ice.
17:03 of 2nd period - Slapshot by Drew Doughty.
17:03 of 2nd period - Shot Misses the Net.
17:17 of 2nd period - Pavel Zacha is hit by Warren Foegele and loses puck.
17:49 of 2nd period - Slapshot by Mackie Samoskevich.
17:49 of 2nd period - Shot Blocked by Zach Hyman.
17:51 of 2nd period - Slapshot by Cody Ceci.
17:51 of 2nd period - Deflect By Andrew Mangiapane.
17:51 of 2nd period - Shot Misses the Net.
17:51 of 2nd period - Puck is out of play.
17:52 of 2nd period - Joel Eriksson Ek wins face-off versus Wyatt Johnston in Calgary Flames zone.
17:52 of 2nd period - Joel Eriksson Ek is hit by Quinton Byfield.
18:03 of 2nd period - Pavel Zacha is hit by Quinton Byfield and loses puck.
18:20 of 2nd period - Slapshot by Brandon Saad.
18:20 of 2nd period - Shot Blocked by Filip Hronek.
18:22 of 2nd period - Slapshot by Mario Ferraro.
18:22 of 2nd period - Shot Blocked by Filip Hronek.
18:24 of 2nd period - Slapshot by Ryan Pulock.
18:24 of 2nd period - Stopped by Anton Forsberg with a rebound.
18:26 of 2nd period - Wrist shot by Brandon Saad.
18:26 of 2nd period - Shot Misses the Net.
18:28 of 2nd period - Wrist shot by Nicolas Roy.
18:28 of 2nd period - Shot Misses the Net.
18:45 of 2nd period - Snap shot by Sebastian Aho.
18:45 of 2nd period - Shot Misses the Net.
18:47 of 2nd period - Snap shot by Sebastian Aho.
18:47 of 2nd period - Shot Misses the Net.
18:49 of 2nd period - Slapshot by Sebastian Aho.
18:49 of 2nd period - Shot Misses the Net.
18:51 of 2nd period - Snap shot by Sebastian Aho.
18:51 of 2nd period - Stopped by Frederik Andersen without a rebound.
18:52 of 2nd period - Wyatt Johnston wins face-off versus Pavel Zacha in Toronto Maple Leafs zone.
19:30 of 2nd period - Off-side.
19:31 of 2nd period - J.T. Miller wins face-off versus Scott Laughton in neutral zone.
19:36 of 2nd period - Slapshot by Cale Makar.
19:36 of 2nd period - Stopped by Frederik Andersen without a rebound.
19:37 of 2nd period - Scott Laughton wins face-off versus J.T. Miller in Toronto Maple Leafs zone.
Goals for this period are 0 for Toronto Maple Leafs vs 1 for Calgary Flames.
Shots for this period are 6 for Toronto Maple Leafs vs 15 for Calgary Flames.

3rd period


0:01 of 3rd period - Wyatt Johnston wins face-off versus Bo Horvat in neutral zone.
0:11 of 3rd period - Wrist shot by Brady Tkachuk.
0:11 of 3rd period - Deflect By Wyatt Johnston.
0:11 of 3rd period - Shot Blocked by Bo Horvat.
0:11 of 3rd period - Puck is out of play.
0:12 of 3rd period - Quinton Byfield wins face-off versus Bo Horvat in Calgary Flames zone.
0:13 of 3rd period - Snap shot by Wyatt Johnston.
0:13 of 3rd period - Shot Misses the Net.
0:21 of 3rd period - Wrist shot by Sebastian Aho.
0:21 of 3rd period - Stopped by Frederik Andersen without a rebound.
0:22 of 3rd period - Wyatt Johnston wins face-off versus Bo Horvat in Toronto Maple Leafs zone.
0:25 of 3rd period - Wrist shot by Sebastian Aho.
0:25 of 3rd period - Shot Misses the Net.
0:27 of 3rd period - Wrist shot by Bo Horvat.
0:27 of 3rd period - Stopped by Frederik Andersen without a rebound.
0:28 of 3rd period - Sam Bennett wins face-off versus J.T. Miller in Toronto Maple Leafs zone.
0:35 of 3rd period - Chris Kreider is hit by Aaron Ekblad and loses puck.
0:54 of 3rd period - Troy Terry is hit by Kris Letang and loses puck.
1:27 of 3rd period - Slapshot by Warren Foegele.
1:27 of 3rd period - Stopped by Anton Forsberg with a rebound.
1:29 of 3rd period - Wrist shot by Warren Foegele.
1:29 of 3rd period - Shot Misses the Net.
1:31 of 3rd period - Slapshot by Sam Bennett.
1:31 of 3rd period - Shot Blocked by Alec Martinez.
1:33 of 3rd period - Wrist shot by Warren Foegele.
1:33 of 3rd period - Shot Blocked by Ben Meyers.
1:35 of 3rd period - Wrist shot by Warren Foegele.
1:35 of 3rd period - Goal by Warren Foegele - Toronto Maple Leafs : 1 - Calgary Flames : 1.
1:36 of 3rd period - Bo Horvat wins face-off versus Wyatt Johnston in neutral zone.
1:43 of 3rd period - Wrist shot by Bo Horvat.
1:43 of 3rd period - Shot Misses the Net.
2:25 of 3rd period - Mackie Samoskevich is hit by Filip Hronek.
2:51 of 3rd period - Slapshot by Wyatt Johnston.
2:51 of 3rd period - Shot Misses the Net.
2:53 of 3rd period - Wrist shot by Quinton Byfield.
2:53 of 3rd period - Deflect By Wyatt Johnston.
2:53 of 3rd period - Shot Misses the Net.
2:53 of 3rd period - Puck is out of play.
2:54 of 3rd period - Wyatt Johnston wins face-off versus Bo Horvat in Calgary Flames zone.
2:59 of 3rd period - Wrist shot by Brady Tkachuk.
2:59 of 3rd period - Shot Misses the Net.
3:01 of 3rd period - Wrist shot by Wyatt Johnston.
3:01 of 3rd period - Stopped by Anton Forsberg with a rebound.
3:03 of 3rd period - Wrist shot by Quinton Byfield.
3:03 of 3rd period - Stopped by Anton Forsberg with a rebound.
3:05 of 3rd period - Snap shot by Quinton Byfield.
3:05 of 3rd period - Shot Misses the Net.
3:07 of 3rd period - Snap shot by Brady Tkachuk.
3:07 of 3rd period - Stopped by Anton Forsberg with a rebound.
3:13 of 3rd period - Minor Penalty to Bo Horvat for Holding.
3:14 of 3rd period - Wyatt Johnston wins face-off versus Matthew Tkachuk in Calgary Flames zone.
5:13 of 3rd period - Penalty to Bo Horvat is over, Bo Horvat is back on ice.
5:25 of 3rd period - Snap shot by Nick Paul.
5:25 of 3rd period - Shot Misses the Net.
6:25 of 3rd period - Wrist shot by Chris Kreider.
6:25 of 3rd period - Stopped by Frederik Andersen with a rebound.
6:27 of 3rd period - Snap shot by Mathieu Joseph.
6:27 of 3rd period - Stopped by Frederik Andersen with a rebound.
7:29 of 3rd period - Alec Martinez is hit by Andrew Mangiapane and loses puck.
7:47 of 3rd period - Slapshot by Kris Letang.
7:47 of 3rd period - Stopped by Frederik Andersen with a rebound.
7:55 of 3rd period - Cale Makar is hit by Andrew Mangiapane and loses puck.
8:37 of 3rd period - Snap shot by Joel Eriksson Ek.
8:37 of 3rd period - Stopped by Frederik Andersen without a rebound.
8:38 of 3rd period - Bo Horvat wins face-off versus Wyatt Johnston in Toronto Maple Leafs zone.
8:41 of 3rd period - Snap shot by Bo Horvat.
8:41 of 3rd period - Shot Blocked by Brady Tkachuk.
9:05 of 3rd period - Chris Kreider is hit by Troy Terry and loses puck.
9:12 of 3rd period - Wrist shot by Sam Bennett.
9:12 of 3rd period - Shot Misses the Net.
9:16 of 3rd period - Snap shot by Troy Terry.
9:16 of 3rd period - Stopped by Anton Forsberg with a rebound.
9:18 of 3rd period - Backhand shot by Troy Terry.
9:18 of 3rd period - Shot Misses the Net.
9:24 of 3rd period - Minor Penalty to Jeremy Lauzon for Tripping.
9:25 of 3rd period - Sam Bennett wins face-off versus Bo Horvat in Calgary Flames zone.
9:28 of 3rd period - Wrist shot by Troy Terry.
9:28 of 3rd period - Shot Misses the Net.
9:30 of 3rd period - Slapshot by Ryan Pulock.
9:30 of 3rd period - Stopped by Anton Forsberg with a rebound.
9:58 of 3rd period - Slapshot by Ryan Pulock.
9:58 of 3rd period - Stopped by Anton Forsberg without a rebound.
9:59 of 3rd period - Wyatt Johnston wins face-off versus Joel Eriksson Ek in Calgary Flames zone.
11:24 of 3rd period - Penalty to Jeremy Lauzon is over, Jeremy Lauzon is back on ice.
11:38 of 3rd period - Snap shot by Scott Laughton.
11:38 of 3rd period - Stopped by Anton Forsberg with a rebound.
12:11 of 3rd period - Snap shot by J.T. Miller.
12:11 of 3rd period - Shot Blocked by Bowen Byram.
12:13 of 3rd period - Slapshot by Jeremy Lauzon.
12:13 of 3rd period - Stopped by Frederik Andersen without a rebound.
12:14 of 3rd period - J.T. Miller wins face-off versus Wyatt Johnston in Toronto Maple Leafs zone.
12:17 of 3rd period - Wrist shot by J.T. Miller.
12:17 of 3rd period - Stopped by Frederik Andersen without a rebound.
12:18 of 3rd period - Warren Foegele wins face-off versus Zach Hyman in Toronto Maple Leafs zone.
12:25 of 3rd period - Wrist shot by Sam Bennett.
12:25 of 3rd period - Stopped by Anton Forsberg without a rebound.
12:26 of 3rd period - Sam Bennett wins face-off versus Bo Horvat in Calgary Flames zone.
12:29 of 3rd period - Snap shot by Troy Terry.
12:29 of 3rd period - Shot Misses the Net.
13:04 of 3rd period - Wrist shot by Zach Hyman.
13:04 of 3rd period - Stopped by Frederik Andersen with a rebound.
13:06 of 3rd period - Slapshot by Kris Letang.
13:06 of 3rd period - Stopped by Frederik Andersen with a rebound.
13:08 of 3rd period - Slapshot by Cale Makar.
13:08 of 3rd period - Deflect By Zach Hyman.
13:08 of 3rd period - Shot Blocked by Ryan Pulock.
13:08 of 3rd period - Puck is out of play.
13:09 of 3rd period - J.T. Miller wins face-off versus Wyatt Johnston in Toronto Maple Leafs zone.
13:27 of 3rd period - Minor Penalty to Quinton Byfield for Hooking.
13:28 of 3rd period - J.T. Miller wins face-off versus Brandon Saad in Toronto Maple Leafs zone.
14:25 of 3rd period - Slapshot by Chris Kreider.
14:25 of 3rd period - Stopped by Frederik Andersen with a rebound.
14:27 of 3rd period - Backhand shot by Drew Doughty.
14:27 of 3rd period - Deflect By Chris Kreider.
14:27 of 3rd period - Stopped by Frederik Andersen without a rebound.
14:28 of 3rd period - Wyatt Johnston wins face-off versus Bo Horvat in Toronto Maple Leafs zone.
15:27 of 3rd period - Penalty to Quinton Byfield is over, Quinton Byfield is back on ice.
16:42 of 3rd period - Scott Laughton is hit by Zach Hyman and loses puck.
17:07 of 3rd period - Wrist shot by Mackie Samoskevich.
17:07 of 3rd period - Shot Misses the Net.
17:09 of 3rd period - Slapshot by Sam Malinski.
17:09 of 3rd period - Deflect By Chris Kreider.
17:09 of 3rd period - Stopped by Anton Forsberg without a rebound.
17:10 of 3rd period - J.T. Miller wins face-off versus Mackie Samoskevich in Calgary Flames zone.
17:33 of 3rd period - Off-side.
17:34 of 3rd period - Wyatt Johnston wins face-off versus Nic Dowd in neutral zone.
17:41 of 3rd period - Wrist shot by Quinton Byfield.
17:41 of 3rd period - Shot Blocked by Jeremy Lauzon.
17:43 of 3rd period - Slapshot by Quinton Byfield.
17:43 of 3rd period - Shot Blocked by Jeremy Lauzon.
17:45 of 3rd period - Slapshot by Mario Ferraro.
17:45 of 3rd period - Stopped by Anton Forsberg with a rebound.
17:47 of 3rd period - Slapshot by Ryan Pulock.
17:47 of 3rd period - Shot Blocked by Nic Dowd.
17:49 of 3rd period - Backhand shot by Mario Ferraro.
17:49 of 3rd period - Stopped by Anton Forsberg with a rebound.
17:51 of 3rd period - Slapshot by Brady Tkachuk.
17:51 of 3rd period - Stopped by Anton Forsberg without a rebound.
17:52 of 3rd period - Joel Eriksson Ek wins face-off versus Scott Laughton in Calgary Flames zone.
18:16 of 3rd period - Icing by Cody Ceci.
18:17 of 3rd period - Nic Dowd wins face-off versus Wyatt Johnston in Toronto Maple Leafs zone.
19:04 of 3rd period - Slapshot by Aaron Ekblad.
19:04 of 3rd period - Shot Blocked by Alec Martinez.
19:06 of 3rd period - Snap shot by Andrew Mangiapane.
19:06 of 3rd period - Shot Misses the Net.
19:08 of 3rd period - Slapshot by Nick Bjugstad.
19:08 of 3rd period - Shot Blocked by Jeremy Lauzon.
19:10 of 3rd period - Wrist shot by Andrew Mangiapane.
19:10 of 3rd period - Stopped by Anton Forsberg with a rebound.
19:12 of 3rd period - Wrist shot by Cody Ceci.
19:12 of 3rd period - Stopped by Anton Forsberg without a rebound.
19:13 of 3rd period - Joel Eriksson Ek wins face-off versus Brandon Saad in Calgary Flames zone.
19:26 of 3rd period - Snap shot by Scott Laughton.
19:26 of 3rd period - Stopped by Anton Forsberg with a rebound.
Goals for this period are 1 for Toronto Maple Leafs vs 0 for Calgary Flames.
Shots for this period are 17 for Toronto Maple Leafs vs 12 for Calgary Flames.

Overtime #1


0:01 of 1st overtime period - Wyatt Johnston wins face-off versus Bo Horvat in neutral zone.
0:04 of 1st overtime period - Snap shot by Brady Tkachuk.
0:04 of 1st overtime period - Shot Blocked by Sebastian Aho.
1:26 of 1st overtime period - Icing by Sam Bennett.
1:27 of 1st overtime period - J.T. Miller wins face-off versus Wyatt Johnston in Toronto Maple Leafs zone.
1:40 of 1st overtime period - Snap shot by Brady Tkachuk.
1:40 of 1st overtime period - Shot Blocked by Joel Eriksson Ek.
3:50 of 1st overtime period - Kris Letang is hit by Mario Ferraro and loses puck.
Goals for this period are 0 for Toronto Maple Leafs vs 0 for Calgary Flames.
Shots for this period are 0 for Toronto Maple Leafs vs 0 for Calgary Flames.

ShootOut


5:00 of 1st overtime period - Round #1.
5:00 of 1st overtime period - Toronto Maple Leafs, Wyatt Johnston.
5:00 of 1st overtime period - Deke by Wyatt Johnston.
5:00 of 1st overtime period - Shot Misses the Net.
5:00 of 1st overtime period - Calgary Flames, Bo Horvat.
5:00 of 1st overtime period - Backhand shot by Bo Horvat.
5:00 of 1st overtime period - Shot Misses the Net.
5:00 of 1st overtime period - Round #2.
5:00 of 1st overtime period - Toronto Maple Leafs, Brady Tkachuk.
5:00 of 1st overtime period - Snap shot by Brady Tkachuk.
5:00 of 1st overtime period - Stopped by Anton Forsberg.
5:00 of 1st overtime period - Calgary Flames, Sebastian Aho.
5:00 of 1st overtime period - Backhand shot by Sebastian Aho.
5:00 of 1st overtime period - Goal by Sebastian Aho.
5:00 of 1st overtime period - Round #3.
5:00 of 1st overtime period - Toronto Maple Leafs, Quinton Byfield.
5:00 of 1st overtime period - Snap shot by Quinton Byfield.
5:00 of 1st overtime period - Shot Misses the Net.